 Dungeon Crawl Stone Soup version 0.25.1-2-g60ff931df9 (webtiles) character file.

Game seed: 396731562375221665

22 Gunterle the Insei (level 2, -1/21 HPs)
             Began as a Merfolk Transmuter on Oct 9, 2020.
             Slain by a centaur (8 damage)
             ... on level 2 of the Dungeon.
             The game lasted 00:02:55 (1348 turns).

Gunterle the Insei (Merfolk Transmuter)             Turns: 1348, Time: 00:02:56

Health: -1/21      AC:  3    Str: 10    XL:     2   Next: 91%
Magic:  4/5        EV: 13    Int: 12    God:
Gold:   41         SH:  0    Dex: 14    Spells: 2/5 levels left

rFire    + . .     SeeInvis .     - Unarmed
rCold    . . .     Gourm    .   (no shield)
rNeg     . . .     Faith    .   b - +0 robe
rPois    .         Spirit   .   (no helmet)
rElec    .         Reflect  .   (no cloak)
rCorr    .         Harm     .   g - +0 pair of gloves
MR       .....                  (no boots)
Stlth    +.........             (no amulet)
HPRegen  0.07/turn              i - ring of protection from fire
MPRegen  0.09/turn              (no ring)

@: appendage (expiring)
A: change form in water, swift swim, stealthy swim, horns 2
a: End Transformation


You were on level 2 of the Dungeon.
You were hungry.
You had grown temporary horns.
You visited 1 branch of the dungeon, and saw 2 of its levels.

You collected 41 gold pieces.

Inventory:

Missiles
 a - 41 arrows
 e - 6 stones (quivered)
Armour
 b - a +0 robe (worn)
 g - a +0 pair of gloves (worn)
Jewellery
 i - a ring of protection from fire (left hand)
Scrolls
 f - a scroll of fear {unknown}
 j - a scroll of amnesia {unknown}
Potions
 c - 2 potions of haste {unknown}
 h - a potion of mutation {unknown}
Comestibles
 d - 4 rations


   Skills:
 + Level 1.4 Fighting
 + Level 2.9 Dodging
 * Level 3.6 Unarmed Combat
 + Level 2.2 Spellcasting
 * Level 3.3 Transmutations


You had 2 spell levels left.
You knew the following spells:

 Your Spells              Type           Power        Failure   Level  Hunger
a - Beastly Appendage     Tmut           #.....       7%          1    ##.....
b - Sticks to Snakes      Tmut           #.......     11%         2    ###....

Your spell library contained the following spells:

 Spells                   Type           Power        Failure   Level  Hunger
 Spider Form              Tmut/Pois      #.........   38%         3    ####...
 Ice Form                 Ice/Tmut       #.......     80%         4    #####..
 Blade Hands              Tmut           #.........   88%         5    ######.


Dungeon Overview and Level Annotations

Branches:
Dungeon (2/15)

Altars:
Xom


Innate Abilities, Weirdness & Mutations

You revert to your normal form in water.
You are very nimble and swift while swimming.
You are very stealthy in the water. (Stealth+)
You have a pair of horns on your head.


Message History

The centaur hits you!
You hit the centaur.
The centaur is heavily wounded.
The centaur closely misses you.
You barely miss the centaur.
The centaur is heavily wounded.
The centaur hits you but does no damage.
The centaur barely misses you.
You hit the centaur. Your headbutt misses the centaur.
The centaur is severely wounded.
The goblin hits you but does no damage. The centaur hits you!
You barely miss the centaur.
You headbutt the centaur, but do no damage.
The centaur is severely wounded.
The centaur misses you. The goblin misses you.
The centaur hits you but does no damage.
You hit the centaur but do no damage.
The centaur is severely wounded.
The goblin closely misses you. The centaur hits you!
You die...

#.#
#.......#.#....##......
#.#
#.##..#.#.#.#####......
#.#
#.....#.#.#.####....###
#.#
#...#.#.#.#............
#.#
#...#...#.######....###
#.# ###...#...#.#
#....# #.#
+.........#.# #....#
..# ####......# #....#
### +.(..@.# #....#
#...gc## ######
......... #.##......# #
#....#.# #....#..
#######?. ..


You could see a centaur and a goblin.

Vanquished Creatures
  An ooze (D:1)
  A dart slug (D:2)
  2 giant cockroaches (D:1)
  A goblin (D:2)
  A hobgoblin (D:1)
  5 kobolds
  2 bats
  A frilled lizard (D:2)
  A rat (D:1)
15 creatures vanquished.

Notes
Turn   | Place    | Note
-------+----------+-------------------------------------------
     0 | D:1      | Gunterle the Merfolk Transmuter began the quest for the
                  | Orb.
     0 | D:1      | Reached XP level 1. HP: 15/15 MP: 3/3
   419 | D:1      | Reached XP level 2. HP: 21/21 MP: 3/5
   995 | D:2      | Learned a level 2 spell: Sticks to Snakes
  1267 | D:2      | Found a shimmering altar of Xom.
  1341 | D:2      | Noticed a centaur
  1348 | D:2      | Slain by a centaur

Illustrated notes

Levels and vault maps discovered:
D:1:      psy_arrival_heroes, layout_loops_corners
D:2:      layout_basic, first_ration, xom_teletrap_fun

Skill      XL: |  1  2 |
---------------+-------+-----
Transmutations | 3 |  3.3
Fighting       | |  1.4
Dodging        | |  2.9
Unarmed Combat | |  3.6
Spellcasting   | |  2.2

Action                   || total
-------------------------++-------
Melee: Unarmed           ||    41
       Headbutt          ||     8
 Cast: Beastly Appendage ||    13
 Stab: Sleeping          ||     1
  Eat: Chunk             ||     1
Armor: Robe              ||    10
Dodge: Dodged            ||    28
